 Dungeon Crawl Stone Soup version 0.24.0-124-g2791043dd8 (webtiles) character file.

Game seed: 4572876647107796478, levelgen mode: deterministic

3406 Inkbe the Archer (level 9, -2/117 HPs)
             Began as a Centaur Hunter on Feb 14, 2020.
             Was an Elder of Okawaru.
             Slain by a shadow (11 damage)
             ... on level 8 of the Dungeon.
             The game lasted 00:43:20 (11566 turns).

Inkbe the Archer (Centaur Hunter)                  Turns: 11566, Time: 00:43:21

Health: -2/117     AC: 24    Str: 18    XL:     9   Next: 75%
Magic:  9/9        EV:  1    Int: 10    God:    Okawaru [****..]
Gold:   530        SH:  0    Dex: 10    Spells: 8/8 levels left

rFire    . . .     SeeInvis .   b - +2 great sword (freeze)
rCold    . . .     Gourm    .   (shield currently unavailable)
rNeg     + + +     Faith    .   (armour currently unavailable)
rPois    +         Spirit   .   (helmet currently unavailable)
rElec    .         Reflect  .   (cloak currently unavailable)
rCorr    .         Harm     .   (gloves currently unavailable)
MR       .....     NoTele   +   (no barding)
Stlth    +.........             p - amulet of regeneration
HPRegen  0.69/turn              o - ring of poison resistance
MPRegen  0.11/turn              E - +3 ring of evasion

@: tree-form
A: large
a: Heroism, Renounce Religion


You were on level 8 of the Dungeon.
You worshipped Okawaru.
Okawaru was greatly pleased with you.
You were full.
You were a tree.
You visited 2 branches of the dungeon, and saw 10 of its levels.
You visited the Abyss 1 time.

You collected 530 gold pieces.

Inventory:

Hand Weapons
 a - a +1 shortbow
 b - a +2 great sword of freezing (weapon)
 x - a +0 short sword
 M - a +4 flail
Missiles
 d - 108 arrows
Armour
 c - a +0 leather armour
 s - a scarf of cloud immunity (melded)
 F - a +1 helmet (melded)
 L - a +0 scale mail (melded)
Jewellery
 o - a ring of poison resistance (left branch)
 p - an amulet of regeneration (around neck)
 y - an uncursed ring of protection from fire
 A - an uncursed ring of magical power
 E - a +3 ring of evasion (right branch)
 N - an uncursed ring of positive energy
 P - an uncursed amulet of faith
Wands
 D - a wand of iceblast (8)
 J - a wand of polymorph (4)
 K - a wand of flame (20)
Scrolls
 e - 10 scrolls of remove curse
 g - 2 scrolls of magic mapping {unknown}
 j - 2 scrolls of fear
 k - 2 scrolls of teleportation
 l - 3 scrolls of immolation {unknown}
 m - 4 scrolls of blinking {unknown}
 q - 2 scrolls of amnesia
 t - a scroll of fog
 v - 3 scrolls of enchant armour
 C - a scroll of enchant weapon
 O - a scroll of torment {unknown}
 Q - a scroll of acquirement {unknown}
Potions
 h - a potion of might
 n - a potion of degeneration
 r - 4 potions of curing
 u - a potion of ambrosia
 w - 3 potions of flight
 z - 3 potions of haste
 B - a potion of agility
 G - a potion of magic
 H - a potion of lignification
 I - 2 potions of resistance
Comestibles
 f - 11 rations


   Skills:
 + Level 6.4 Fighting
 - Level 14.2 Bows
 + Level 4.3 Armour
 + Level 2.1 Dodging
 - Level 0.4 Stealth


You had 8 spell levels left.
You didn't know any spells.
Your spell library contained the following spells:

 Spells                   Type           Power        Failure   Level  Hunger
 Animate Skeleton         Necr           N/A          36%         1    ##.....
 Apportation              Tloc           #.....       36%         1    ##.....
 Beastly Appendage        Tmut           #.....       36%         1    ##.....
 Confusing Touch          Hex            #.....       36%         1    ##.....
 Sandblast                Erth           #.....       36%         1    ##.....
 Summon Small Mammal      Summ           #...         36%         1    ##.....
 Passwall                 Tmut/Erth      #.......     50%         2    ###....
 Sticks to Snakes         Tmut           #.......     50%         2    ###....
 Spider Form              Tmut/Pois      #.........   75%         3    ####...
 Stone Arrow              Conj/Erth      #.....       75%         3    ####...
 Ice Form                 Ice/Tmut       #.......     98%         4    #####..
 Petrify                  Tmut/Erth      #.......     98%         4    #####..
 Blade Hands              Tmut           #.........   100%        5    ######.
 Lee's Rapid Deconstruct  Erth           #.........   100%        5    ######.


Dungeon Overview and Level Annotations

Branches:
Dungeon (9/15)             Temple (1/1) D:4
   Lair: D:8-11         Orc: D:9-12

Altars:
Ashenzari
Cheibriados
Dithmenos
Elyvilon
Fedhas
Gozag
Hepliaklqana
Kikubaaqudgha
Makhleb
Nemelex Xobeh
Okawaru
Qazlal
Ru
Sif Muna
Trog
Uskayaw
Vehumet
Wu Jian
Xom
Yredelemnul
Zin
The Shining One

Shops:
D:6 :   D:8 =

Annotations:
D:8 Psyche


Innate Abilities, Weirdness & Mutations

((You have hooves in place of feet.))
((Armour fits poorly on your strangely shaped body.))
((You cover ground very quickly.))
((You have extremely tough skin. (AC +3)))


Message History

You miss the water moccasin.
The water moccasin is moderately wounded.
You feel sick. The water moccasin bites you.
* * * LOW HITPOINT WARNING * * *
The shadow strikes at you from the darkness!
* * * LOW HITPOINT WARNING * * *
Reactivating autopickup.
The water moccasin bites you but does no damage.
You feel better.
The water moccasin bites you but does no damage.
The shadow slips into darkness.
The shadow flickers and vanishes!
Deactivating autopickup; reactivate with Ctrl-A.
The water moccasin bites you.
* * * LOW HITPOINT WARNING * * *
Okay, then.
As you read the scroll of fear, it crumbles to dust.
You assume a fearsome visage.
The water moccasin looks frightened!
The shadow strikes at you from the darkness!
You die...

#######.... #..∩.......
#.#####.... #.# #.... ##.###
###.# #######....# ##.#
#........#.####..# ###
#{###............. ##.## #♣#
#............# ##.#.## #S#
#.............
##.###.####.###............#
#.## ##...........##.###....
##.###.####.###...##.#.##...
##.#.## #.......#.#.###...
##.## #####...##.#.##.## #.#
#...#.#.###.# #.#
######.#.##.##


You could see a water moccasin (fleeing).

Vanquished Creatures
  3 centaur skeletons
  A hornet (D:8)
  A wyvern (D:9)
  A soldier ant (D:8)
  2 orc warriors
  3 ice beasts
  A phantom (D:7)
  A black bear (D:6)
  2 centaurs
  7 bullfrogs
  A gnoll sergeant (D:9)
  A scorpion (D:7)
  4 killer bees (D:6)
  3 wights
  2 crimson imps
  2 hounds
  4 bullfrog skeletons
  2 orc priests
  A jelly (D:9)
  2 orc wizards
  2 iguanas
  Natasha (thrice) (D:3)
  7 worker ants
  A hound zombie (D:8)
  A hound skeleton (D:4)
  A worker ant zombie (D:6)
  5 gnolls (D:9)
  8 adders
  2 shadow imps
  An ufetubus (D:7)
  3 oozes
  An adder zombie (D:6)
  4 adder skeletons
  A worm (D:8)
  4 leopard geckos
  17 orcs
  2 giant cockroaches
  4 goblins
  7 hobgoblins
  8 jackals
  A quokka (D:7)
  A ball python (D:4)
  6 bats
  3 frilled lizards (D:2)
  6 kobolds
  A quokka skeleton (D:8)
  9 rats
153 creatures vanquished.

Vanquished Creatures (others)
  A centaur (D:5)
  2 worker ants (D:5)
  An orc wizard (D:5)
  A leopard gecko (D:5)
  An orc (D:5)
6 creatures vanquished.

Grand Total: 159 creatures vanquished

Notes
Turn   | Place    | Note
-------+----------+-------------------------------------------
     0 | D:1      | Inkbe the Centaur Hunter began the quest for the Orb.
     0 | D:1      | Reached XP level 1. HP: 17/17 MP: 1/1
   462 | D:1      | Reached XP level 2. HP: 18/24 MP: 2/2
   530 | D:1      | Reached skill level 6 in Bows
   955 | D:2      | Found a basalt altar of Yredelemnul.
  1229 | D:2      | Reached XP level 3. HP: 22/29 MP: 3/3
  1863 | D:2      | Reached skill level 7 in Bows
  2438 | D:3      | Found an ornate altar of the Wu Jian Council.
  2602 | D:3      | Found a blossoming altar of Fedhas.
  2603 | D:3      | Reached XP level 4. HP: 36/36 MP: 4/4
  2925 | D:3      | Noticed Natasha
  3691 | D:3      | Reached skill level 8 in Bows
  3904 | D:4      | Found a staircase to the Ecumenical Temple.
  3913 | Temple   | Entered the Ecumenical Temple
  4070 | Temple   | Became a worshipper of Warmaster Okawaru
  4274 | D:4      | Reached XP level 5. HP: 27/41 MP: 5/5
  4536 | D:4      | Reached skill level 9 in Bows
  4685 | D:4      | Found a sacrificial altar of Ru.
  5349 | D:5      | Entered Level 5 of the Dungeon
  5403 | D:5      | Killed a centaur
  5422 | D:5      | Reached XP level 6. HP: 36/48 MP: 6/6
  5640 | D:5      | Noticed an ice beast
  5662 | D:5      | Killed an ice beast
  5662 | D:5      | Reached skill level 10 in Bows
  5768 | D:5      | Found a shimmering altar of Xom.
  5872 | D:5      | Found a snail-covered altar of Cheibriados.
  6073 | D:3      | Found a blossoming altar of Fedhas.
  6199 | D:3      | Found an ornate altar of the Wu Jian Council.
  6202 | D:3      | Killed Natasha
  6303 | D:3      | Noticed Natasha
  6311 | D:3      | Killed Natasha
  6386 | D:3      | Noticed Natasha
  6397 | D:3      | Killed Natasha
  7173 | D:6      | Reached skill level 1 in Armour
  7173 | D:6      | Reached XP level 7. HP: 56/56 MP: 7/7
  7338 | D:6      | Reached * piety under Okawaru
  7410 | D:6      | Found a white marble altar of Elyvilon.
  7598 | D:5      | Reached skill level 11 in Bows
  7782 | D:6      | Found a hide-covered altar of Uskayaw.
  7884 | D:6      | Found Tyamuris's Book Emporium.
  7927 | D:6      | Found a stormy altar of Qazlal.
  8148 | D:7      | Reached XP level 8. HP: 55/67 MP: 8/8
  8211 | D:7      | Reached ** piety under Okawaru
  8355 | D:6      | Reached skill level 5 in Fighting
  8870 | D:7      | Reached *** piety under Okawaru
  8898 | D:7      | Reached skill level 12 in Bows
  9222 | D:7      | Found a sparkling altar of Nemelex Xobeh.
  9440 | D:8      | Noticed Psyche
  9551 | D:7      | Reached XP level 9. HP: 67/75 MP: 9/9
 10012 | D:8      | Found a glowing silver altar of Zin.
 10049 | D:8      | Cast into level 1 of the Abyss (Psyche)
 10082 | Abyss:1  | Found an opulent altar of Gozag.
 10102 | Abyss:1  | Noticed an ancient zyme
 10111 | D:8      | Escaped the Abyss
 10341 | D:8      | Found an ancient bone altar of Kikubaaqudgha.
 10368 | D:8      | Reached skill level 13 in Bows
 10547 | D:8      | Found a shimmering blue altar of Sif Muna.
 10867 | D:8      | Received a gift from Okawaru
 10946 | D:8      | Found Bacilase's Jewellery Shoppe.
 11018 | D:8      | Reached skill level 14 in Bows
 11168 | D:9      | Reached **** piety under Okawaru
 11510 | D:9      | Noticed an eight-headed hydra
 11564 | D:8      | HP: 5/117 [something (26)]
 11566 | D:8      | Slain by a shadow

Levels and vault maps discovered:
D:1:      giann_horns, layout_basic, minivault_27
D:2:      layout_basic, marbit_many_paths, kennysheep_boxes
D:3:      layout_loops_ring, nicolae_overflow_crystal_walls, fedhas_altar_2,
          uniq_natasha
D:4:      layout_loops_corners, kennysheep_little_box,
          minmay_temple_entry_glass, first_ration
D:5:      layout_rooms, lemuel_doored_altar, xom_confusion_cloud
D:6:      layout_basic, lemuel_coloured_pillars_altar, elyvilon_altar_3,
          basic_altar, serial_shops, shop, serial_bayou_pond_a
D:7:      layout_rooms, nemelex_altar_shiori
D:8:      layout_loops_ring, kiku_gazebo_pond_becter, zin_academy, led_sif_pool,
          serial_shops, shop, hangedman_pestilent_swarm, uniq_psyche
D:9:      minmay_the_grid_octo_tiled_squarecenter [minmay_the_grid_octo_horde,
          minmay_the_grid_octo_checkered, minmay_the_grid_octo_teeth,
          minmay_the_grid_octo_clover_2,
          minmay_the_grid_square_5x5_megaprize_diamond,
          minmay_the_grid_square_5x5_tri_point,
          minmay_the_grid_square_5x5_slash, minmay_the_grid_square_5x5_shrine1,
          minmay_the_grid_square_5x5_three_walls], layout_basic, serial_glass,
          glass_columns_a, glass_columns_c, glass_columns_b, glass_columns_a,
          minivault_10
Temple:   minmay_temple_curvy_loop

Skill      XL: |  1  2  3  4  5  6  7  8  9 |
---------------+----------------------------+-----
Bows           | 6 7 8 9 10 11 12 14 | 14.2
Armour         | 1 2 3 4 |  4.3
Fighting       | 4 6 |  6.4
Dodging        | 2 |  2.1
Stealth        | |  0.4

Action                   |  1- 3 |  4- 6 |  7- 9 || total
-------------------------+-------+-------+-------++-------
Melee: Short sword       |   122 |       |       ||   122
       Kick              |    23 |    21 |    49 ||    93
       Flail             |    15 |   130 |   153 ||   298
       Great sword       |       |       |    73 ||    73
 Fire: Shortbow          |    13 |    82 |   256 ||   351
Invok: Heroism           |       |       |     2 ||     2
  Use: Scroll            |       |       |    20 ||    20
       Potion            |       |       |     3 ||     3
  Eat: Chunk             |     4 |    10 |     7 ||    21
       Ration            |       |       |     3 ||     3
Armor: Leather armour    |    58 |    56 |       ||   114
       Scale mail        |       |    11 |   184 ||   195
       Skin              |       |       |     4 ||     4
Dodge: Dodged            |    65 |    64 |   241 ||   370
       Rpst.: Great sword |       |       |    19 ||    19
